 Dungeon Crawl Stone Soup version 0.30.1-3-gfc49f6343a (webtiles) character file.

Game seed: 1963005620779805574

5 croobank the Caller (level 1, -2/13 HPs)
             Began as a Gnoll Summoner on July 21, 2023.
             Slain by a kobold
             ... wielding a +0 whip
              (5 damage)
             ... on level 1 of the Dungeon.
             The game lasted 00:01:00 (245 turns).

croobank the Caller (Gnoll Summoner)                 Turns: 245, Time: 00:01:01

Health: -2/13      AC:  2    Str: 13    XL:     1   Next: 80%
Magic:  5/6        EV: 13    Int: 14    God:
Gold:   19         SH:  0    Dex: 12    Spells: 8/9 levels left

rFire   . . .        a - +0 dagger
rCold   . . .        (no shield)
rNeg    . . .        c - +0 robe
rPois   .            (no helmet)
rElec   .            (no cloak)
rCorr   .            (no gloves)
SInv    .            (no boots)
Will    .....        g - amulet of magic regeneration
Stlth   ++           i - +6 ring of strength
HPRegen 0.22/turn    (no ring)
MPRegen 0.50/turn

%: no passive effects
@: no status effects
A: fangs 1, strong nose, distributed training
a: no special abilities


You were on level 1 of the Dungeon.
You visited 1 branch of the dungeon, and saw 1 of its levels.

You collected 19 gold pieces.

Inventory:

Hand Weapons
 a - a +0 dagger (weapon)
Armour
 c - a +0 robe (worn)
 f - a +0 ring mail
Jewellery
 g - an amulet of magic regeneration (around neck)
 h - a ring of ice
 i - a +6 ring of strength (left hand)
Scrolls
 e - a scroll of blinking {unknown}
Potions
 b - a potion of magic
 d - a potion of heal wounds {unknown}
 j - a potion of might {unknown}


   Skills:
 + Level 0.1 Fighting
 + Level 0.1 Short Blades
 + Level 0.1 Long Blades
 + Level 0.1 Axes
 + Level 0.1 Maces & Flails
 + Level 0.1 Polearms
 + Level 0.1 Staves
 + Level 0.1 Ranged Weapons
 + Level 0.1 Throwing
 + Level 0.1 Armour
 + Level 4.4 Dodging
 + Level 4.0 Stealth
 + Level 0.1 Shields
 + Level 0.1 Unarmed Combat
 + Level 4.9 Spellcasting
 + Level 0.1 Conjurations
 + Level 0.1 Hexes
 + Level 7.0 Summonings
 + Level 0.1 Necromancy
 + Level 0.1 Translocations
 + Level 0.1 Transmutations
 + Level 0.1 Fire Magic
 + Level 0.1 Ice Magic
 + Level 0.1 Air Magic
 + Level 0.1 Earth Magic
 + Level 0.1 Poison Magic
 + Level 0.2 Invocations
 + Level 0.1 Evocations


You had 8 spell levels left.
You knew the following spells:

 Your Spells              Type           Power      Damage    Failure   Level
a - Summon Small Mammal   Summ           92%        N/A       1%          1

Your spell library contained the following spells:

 Spells                   Type           Power      Damage    Failure   Level
 Call Imp                 Summ           46%        N/A       1%          2
 Call Canine Familiar     Summ           23%        N/A       3%          3
 Summon Guardian Golem    Hex/Summ       13%        N/A       12%         3
 Summon Lightning Spire   Summ/Air       13%        N/A       38%         4


Dungeon Overview and Level Annotations

Branches:
Dungeon (1/15)

Altars:


Innate Abilities, Weirdness & Mutations

You have very sharp teeth.
Your uncanny sense of smell can sniff out nearby items.
Your experience applies equally to all skills.


Message History

Found a brass ring.
h - a ring of ice You swap places.
Found 2 stones.
Your quokka disappears in a puff of smoke!
i - a +6 ring of strength You feel stronger.
i - a +6 ring of strength (left hand)
Found a stone staircase leading down.
Your quokka disappears in a puff of smoke!
Found 3 stones.
j - a pink potion You now have 19 gold pieces (gained 7).
You open the door.
A kobold comes into view. It is wielding a +0 whip.
Found Great Wizards, Vol.
II.
There is an open door here.
The kobold shouts!
You hit the kobold.
The kobold is moderately wounded.
The kobold hits you with a +0 whip.
You barely miss the kobold. Your bite misses the kobold.
The kobold is moderately wounded.
The kobold barely misses you.
You barely miss the kobold.
The kobold is moderately wounded.
The kobold hits you with a +0 whip.
* * * LOW HITPOINT WARNING * * *
You are too injured to fight recklessly!
You are too injured to fight recklessly!
Casting: Summon Small Mammal (safe; 1% risk of failure)
Confirm with . or Enter, or press ? or * to list all spells.
The kobold barely misses you.
Casting: Summon Small Mammal (safe; 1% risk of failure)
Confirm with . or Enter, or press ? or * to list all spells.
You don't know that spell.
Casting: Summon Small Mammal (safe; 1% risk of failure)
Confirm with . or Enter, or press ? or * to list all spells.
Your quokka closely misses the kobold.
The kobold hits you with a +0 whip.
You die...

.# ∆ .# #.# ##+# ..# ##...#
..## #.....# ### .# ...##
.....r.## ##.##.# ....####
......K@####...#.#
.......+∆......r.'........#
....#### ........####...#.#
.#.## .......######.##.###
.##### #.:...# #.........#
.....# ##...# #.####....#
.###.# ##+# # #.....#
.###.# #.# #.###.....#
.....#######(# #.........#


You could see a kobold (ally target), a friendly quokka (summoned) and a
friendly rat (summoned).

Vanquished Creatures
  2 hobgoblins (D:1)
2 creatures vanquished.

Vanquished Creatures (collateral kills)
  A ball python (D:1)
  A bat (D:1)
2 creatures vanquished.

Grand Total: 4 creatures vanquished

Notes
Turn   | Place    | Note
-------+----------+-------------------------------------------
     0 | D:1      | croobank the Gnoll Summoner began the quest for the Orb.
     0 | D:1      | Reached XP level 1. HP: 13/13 MP: 6/6
   245 | D:1      | Slain by a kobold

Illustrated notes

Levels and vault maps discovered:
D:1:      lemuel_arrival_funnel, layout_loops_corners

Action                     || total
---------------------------++-------
  Melee: Dagger            ||     5
   Cast: Summon Small Mamm ||     6
   Stab: Sleeping          ||     1
  Dodge: Dodged            ||     2
